 Dungeon Crawl Stone Soup version 0.27.0-1-g7a089689b8 (webtiles) character file.

Game seed: 2480748102134270547

56 robertstho the Magician (level 4, -7/32 HPs)
             Began as a Djinni Fire Elementalist on Aug 17, 2021.
             Mangled by Prince Ribbit (18 damage)
             ... on level 5 of the Dungeon.
             The game lasted 00:02:43 (2431 turns).

robertstho the Magician (Djinni Fire Elementalist)  Turns: 2431, Time: 00:02:44

Health: -7/32      AC:  3    Str:  7    XL:     4   Next: 15%
Gold:   169        EV: 12    Int: 17    God:
                   SH:  0    Dex: 14

rFire    + + .     SeeInvis .   b - +0 spear
rCold    x . .     Faith    .   (no shield)
rNeg     . . .     Spirit   .   a - +1 robe
rPois    ∞         Reflect  .   (no helmet)
rElec    .         Harm     .   (no cloak)
rCorr    .         Rampage  .   (no gloves)
Will     .....                  (boots unavailable)
Stlth    ++........             (no amulet)
HPRegen  0.10/turn              (no ring)
MPRegen  0.00/turn              (no ring)

@: flying
A: sickness immunity, fire resistance 2, cold vulnerability 1, float, innate
caster, hp casting, extra vitality 1
a: no special abilities


You were on level 5 of the Dungeon.
You visited 1 branch of the dungeon, and saw 4 of its levels.

You collected 169 gold pieces.

Inventory:

Hand Weapons
 b - a +0 spear (weapon)
Missiles
 e - 4 silver javelins
Armour
 a - a +1 robe (worn)
Scrolls
 c - a scroll of enchant armour
 f - a scroll of identify
Potions
 d - a potion of curing {unknown}
 g - a potion of flight {unknown}
 h - a potion of haste {unknown}


   Skills:
 * Level 1.0 Fighting
 * Level 2.8 Dodging
 + Level 1.7 Stealth
 + Level 3.2 Spellcasting


You couldn't memorise any spells.
You knew the following spells:

 Your Spells              Type           Power      Damage    Failure   Level
a - Foxfire               Conj/Fire      52%        2x1d6     4%          1
b - Conjure Flame         Conj/Fire      13%        6-21      13%         3
c - Inner Flame           Hex/Fire       13%        N/A       13%         3
d - Sticky Flame          Conj/Fire      13%        2d4       41%         4
e - Fireball              Conj/Fire      6%         3d5       77%         5
f - Sting                 Tmut/Pois      52%        1d5       4%          1
Your spell library was empty.

Dungeon Overview and Level Annotations

Branches:
Dungeon (3/15)

Altars:

Annotations:
D:5 Ijyb, Prince Ribbit


Innate Abilities, Weirdness & Mutations

You are immune to sickness and miasma.
You are immune to poison.
Your flesh is very heat resistant. (rF++)
You are vulnerable to cold. (rC-)
You float through the air rather than walking.
You learn spells naturally, not from books.
Your magical power is your life essence.
You have superior vitality. (+4 HP)


Message History

The adder barely misses you.
Prince Ribbit blinks!
You hear a zap.
You hear a grinding noise.
The adder bites you. The adder closely misses you.
Prince Ribbit croaks regally.
The adder closely misses you.
Ijyb shouts!
Prince Ribbit blinks!
The adder bites you.
You see here 4 silver javelins.
e - 4 silver javelins Prince Ribbit closely misses you.
The adder barely misses you. Prince Ribbit closely misses you. x2
Prince Ribbit blinks!
Ijyb screams, "Die!"
The adder bites you.
Ijyb screams, "Get away!"
The adder completely misses you.
You hear a zap.
You hear a grinding noise.
The adder barely misses you.
You hear a zap.
You hear a grinding noise.
The adder bites you but does no damage. The adder bites you but does no damage.
The adder bites you but does no damage. The adder bites you but does no damage.
The adder completely misses you.
Prince Ribbit blinks!
The adder bites you.
Found a sapphire potion.
The adder barely misses you.
Prince Ribbit blinks!
Found a cloak.
Found 26 stones.
The adder barely misses you.
You see here a sapphire potion.
h - a sapphire potion Prince Ribbit blinks!
The adder closely misses you. Prince Ribbit hits you!!
Ouch! That really hurt!
You die...

.....(...####
............
...........
..........##
.....[.....##
............##
#..........##
#....@F.....####
#......S##...#.#
#....#..####F.###
#....###..###....#
#.... ##.g#.###.#
#...# #....# #
..... ##...# .....
###F.#..#
.....###...####.#


You could see Prince Ribbit, Ijyb and an adder.

Vanquished Creatures
  2 adders (D:2)
  A white imp (D:5)
  2 worms (D:2)
  A dart slug (D:1)
  2 goblins
  4 hobgoblins
  2 quokkas
  4 ball pythons
  2 bats (D:1)
  3 frilled lizards
  A kobold (D:2)
  2 rats
26 creatures vanquished.

Vanquished Creatures (others)
  199 foxfires
199 creatures vanquished.

Grand Total: 225 creatures vanquished

Notes
Turn   | Place    | Note
-------+----------+-------------------------------------------
     0 | D:1      | robertstho the Djinni Fire Elementalist began the quest for
                  | the Orb.
     0 | D:1      | Reached XP level 1. HP: 15/15 MP: 0/0
   326 | D:1      | Reached XP level 2. HP: 17/21 MP: 0/0
   853 | D:1      | Found a faded altar of an unknown god.
   978 | D:2      | Reached skill level 3 in Spellcasting
   978 | D:2      | Reached XP level 3. HP: 17/26 MP: 0/0
   978 | D:2      | Learned a level 1 spell: Sting
  2114 | D:3      | Reached XP level 4. HP: 28/31 MP: 0/0
  2195 | D:3      | You are sucked into a shaft and drop 2 floors!
  2195 | D:5      | Entered Level 5 of the Dungeon
  2235 | D:5      | Reached skill level 1 in Fighting
  2336 | D:5      | Noticed Ijyb
  2345 | D:5      | Noticed Prince Ribbit
  2431 | D:5      | Mangled by Prince Ribbit

Illustrated notes

Levels and vault maps discovered:
D:1:      minmay_arrival_checkered_box, layout_basic,
          shapermc_ecumenical_altar_flowoftime
D:2:      layout_basic, serial_park_tiny_2
D:3:      minmay_skewed_foursquare, layout_rooms, mainiacjoe_overflow_24_doors,
          minivault_23
D:5:      layout_layer_cave, lemuel_tele_altar, fedhas_altar_3,
          gammafunk_ghost_nasty_kobolds, uniq_prince_ribbit1, uniq_ijyb

Skill      XL: |  1  2  3  4 |
---------------+-------------+-----
Spellcasting   | 3 |  3.2
Fighting       | 1 |  1.0
Dodging        | |  2.8
Stealth        | |  1.7

Action                   |  1- 3 |  4- 6 || total
-------------------------+-------+-------++-------
 Cast: Foxfire           |    90 |    27 ||   117
  Use: Scroll            |       |     3 ||     3
Armor: Robe              |       |     6 ||     6
Dodge: Dodged            |     6 |    17 ||    23
